 Dungeon Crawl Stone Soup version 0.27-a0-419-g7a85846853 (webtiles) character file.

Game seed: 14679828438083435151

1201 Chiseanne the Skirmisher (level 8, -3/96 HPs)
             Began as a Demonspawn Wanderer on Feb 26, 2021.
             Slain by Blork the orc
             ... wielding a +1 dire flail of venom
              (9 damage)
             ... on level 5 of the Dungeon.
             The game lasted 00:06:54 (4523 turns).

Chiseanne the Skirmisher (Demonspawn Wanderer)      Turns: 4523, Time: 00:06:55

Health: -3/96      AC: 11    Str: 12    XL:     8   Next: 21%
Magic:  8/8        EV: 17    Int: 15    God:
Gold:   199        SH:  0    Dex: 20    Spells: 7/7 levels left

rFire    . . .     SeeInvis .   a - +9 trident of Ointment {elec, Will++}
rCold    . . .     Faith    .   (no shield)
rNeg     . . .     Spirit   .   b - +2 scale mail
rPois    .         Reflect  .   (no helmet)
rElec    .         Harm     .   (no cloak)
rCorr    .         Rampage  .   (no gloves)
Will     ++...                  (no boots)
Stlth    ..........             (no amulet)
HPRegen  0.26/turn              r - +6 ring of dexterity
MPRegen  0.11/turn              (no ring)

@: agile, berserking, lethally poisoned (-3 -> -5), very quick
A: claws 2, powered by pain 1, sharp scales 2
a: no special abilities


You were on level 5 of the Dungeon.
You visited 1 branch of the dungeon, and saw 5 of its levels.
You also visited: Ossuary.

You collected 199 gold pieces.

Inventory:

Hand Weapons
 a - the +9 trident of Ointment (weapon) {elec, Will++}
   (You found it on level 4 of the Dungeon)

   Occasionally, upon striking a foe, it can discharge electrical energy and
   cause terrible harm.
   It affects your willpower, your defense against some magical effects.
 o - a +0 hand axe of flaming
 w - a +0 hand crossbow
Missiles
 c - 27 bolts
 e - 146 stones (quivered)
 k - 24 sling bullets
 l - 19 boomerangs
 m - 57 arrows
 p - 32 poisoned darts
Armour
 b - a +2 scale mail (worn)
Jewellery
 r - a +6 ring of dexterity (left claw)
 v - a ring of fire
Wands
 i - a wand of iceblast (5)
 y - a wand of digging (6)
Scrolls
 f - 3 scrolls of immolation
 j - 2 scrolls of identify
 x - a scroll of amnesia
Potions
 d - a potion of curing
 g - 3 potions of lignification
 h - 3 potions of heal wounds {unknown}
 n - 2 potions of ambrosia {unknown}
 q - a potion of might
 s - a potion of berserk rage
 t - a potion of flight {unknown}
 u - 2 potions of resistance


   Skills:
 * Level 5.7 Fighting
 - Level 3.6 Short Blades
 - Level 1.0 Crossbows
 * Level 5.1 Armour
 * Level 5.1 Dodging
 - Level 1.0 Stealth
 - Level 1.0 Evocations


You had 7 spell levels left.
You didn't know any spells.
Your spell library was empty.

Dungeon Overview and Level Annotations

Branches:
Dungeon (5/15)            Ossuary (visited)
 Temple: D:4-7

Altars:

Annotations:
D:5 Blork the orc


Innate Abilities, Weirdness & Mutations

You have very sharp fingernails.
You sometimes gain a little power by taking damage.
You are mostly covered in razor-sharp scales. (AC +2, Slay +2)


Message History

You are too injured to fight recklessly!
You are too injured to fight recklessly!
You are too injured to fight recklessly!
You are too injured to fight recklessly!
You are too injured to fight recklessly!
You are too injured to fight recklessly!
You are too injured to fight recklessly!
You are too injured to fight recklessly!
You are too injured to fight recklessly!
You are too injured to fight recklessly!
You are too injured to fight recklessly!
You are too injured to fight recklessly!
You are too injured to fight recklessly!
You are too injured to fight recklessly!
You are too injured to fight recklessly!
You are too injured to fight recklessly!
You barely miss Blork the orc.
Blork the orc is moderately wounded.
You feel sick. Blork the orc casts a spell at you.
The puff of frost hits you but does no damage.
Blork the orc barely misses you.
You closely miss Blork the orc.
Blork the orc is moderately wounded.
You feel sick.
Blork the orc screams, "I don't like you!"
Blork the orc gestures at you while chanting.
The puff of frost misses you. Blork the orc barely misses you.
You puncture Blork the orc!
Blork the orc is severely wounded.
You feel sick. The ogre hits you with a +0 giant club!
* * * LOW HITPOINT WARNING * * *
Blork the orc hits you with a +1 dire flail of venom!
* * * LOW HITPOINT WARNING * * *
You focus on the pain.
You feel agile all of a sudden.
A red film seems to cover your vision as you go berserk!
You feel yourself moving faster!
You feel mighty!
Blork the orc hits you with a +1 dire flail of venom!
You die...

#.##.....#.....
#.##.....#.....
#.###...##.....
## #.#
#...#..#### +.
#.# #.....## #.
#.# ####### #.
#.# #o###.#
#.@##.#
#.####O##.#
#.........#
######.##.#
#.##.# #$##.#
#..#+# ... ...


You could see Blork the orc (fast, strong) and an ogre.

Vanquished Creatures
  A water moccasin (D:4)
  A sky beast (D:5)
  An ogre (D:4)
  2 elf zombies (Ossuary)
  2 bullfrogs
  2 hounds (D:4)
  2 centaur zombies (Ossuary)
  2 orc priests
  A human zombie (Ossuary)
  6 orc wizards
  A worker ant (D:4)
  2 mummies (Ossuary)
  A hound skeleton (D:5)
  A howler monkey zombie (D:3)
  5 adders
  A howler monkey skeleton (D:4)
  A white imp (D:5)
  An ooze (D:1)
  3 dart slugs
  25 orcs
  A ball python (D:4)
  15 bats
  13 giant cockroaches
  8 goblins
  8 hobgoblins
  4 jackals
  9 kobolds
  4 frilled lizards
  A goblin zombie (Ossuary)
  13 hobgoblin zombies (Ossuary)
  A jackal skeleton (D:4)
  A jackal zombie (Ossuary)
  11 kobold zombies (Ossuary)
  6 orc zombies (Ossuary)
  A quokka skeleton (D:4)
  3 rats
160 creatures vanquished.

Notes
Turn   | Place    | Note
-------+----------+-------------------------------------------
     0 | D:1      | Chiseanne the Demonspawn Wanderer began the quest for the
                  | Orb.
     0 | D:1      | Chiseanne set off with the following items: a +0 hand
                  | crossbow, a +2 scale mail, 19 bolts, a potion of curing
     0 | D:1      | Reached XP level 1. HP: 15/15 MP: 1/1
   338 | D:1      | Gained mutation: You are partially covered in razor-sharp
                  | scales. (AC +1, Slay +1) [demonic ancestry]
   338 | D:1      | Reached XP level 2. HP: 21/21 MP: 2/2
   893 | D:1      | Reached XP level 3. HP: 27/27 MP: 3/3
  1220 | D:2      | Noticed a bullfrog
  1229 | D:2      | Killed a bullfrog
  1230 | D:2      | Gained mutation: You are mostly covered in razor-sharp
                  | scales. (AC +2, Slay +2) [demonic ancestry]
  1230 | D:2      | Reached XP level 4. HP: 27/34 MP: 4/4
  2209 | D:3      | Gained mutation: You have sharp fingernails. [demonic
                  | ancestry]
  2209 | D:3      | Reached XP level 5. HP: 40/40 MP: 5/5
  2633 | D:3      | Gained mutation: You sometimes gain a little power by
                  | taking damage. [demonic ancestry]
  2633 | D:3      | Reached XP level 6. HP: 47/47 MP: 6/6
  3172 | D:4      | Found a sand-covered staircase.
  3173 | D:4      | Noticed a water moccasin
  3178 | Ossuary  | Entered an ossuary
  3449 | Ossuary  | Reached XP level 7. HP: 54/55 MP: 7/7
  3598 | D:4      | Reached skill level 5 in Fighting
  3847 | D:4      | Identified the +9 trident of Ointment {elec, Will++}
  4329 | D:5      | Entered Level 5 of the Dungeon
  4350 | D:5      | Gained mutation: You have very sharp fingernails. [demonic
                  | ancestry]
  4350 | D:5      | Reached XP level 8. HP: 61/63 MP: 8/8
  4439 | D:5      | Reached skill level 5 in Armour
  4439 | D:5      | Reached skill level 5 in Dodging
  4515 | D:5      | Noticed Blork the orc
  4523 | D:5      | Slain by Blork the orc

Illustrated notes

Levels and vault maps discovered:
D:1:      dpeg_arrival_brainrot, layout_basic, chequers_serial_rivers_micro_d
D:2:      layout_basic, minmay_tetromino_i2
D:3:      layout_basic, minmay_surrounded
D:4:      layout_loops_ring, nicolae_ossuary_entry_plus
D:5:      layout_basic, minmay_temple_entry_glassed_door, serial_shops, shop,
          gammafunk_ghost_split, eino_small_chamber_without_monster,
          wad_floor_pattern_untrapped, uniq_blork_the_orc, uniq_edmund,
          uniq_crazy_yiuf_cottage

Skill      XL: |  1  2  3  4  5  6  7  8 |
---------------+-------------------------+-----
Fighting       | 2 3 4 5 |  5.7
Armour         | 2 3 4 5 |  5.1
Dodging        | 2 3 4 5 |  5.1
Short Blades   | |  3.6
Crossbows      | |  1.0
Stealth        | |  1.0
Evocations     | |  1.0

Action                   |  1- 3 |  4- 6 |  7- 9 || total
-------------------------+-------+-------+-------++-------
Melee: Dagger            |       |   214 |    63 ||   277
       Trident           |       |       |    64 ||    64
 Fire: Hand crossbow     |    83 |    75 |       ||   158
  Use: Scroll            |     2 |     4 |     2 ||     8
       Potion            |       |     1 |     2 ||     3
Armor: Scale mail        |    26 |   128 |    49 ||   203
Dodge: Dodged            |    33 |   108 |    64 ||   205

Table legend: (Time is in decaauts)
 A = Elapsed time spent in this place.
 B = Non-inter-level travel time spent in this place.
 C = Inter-level travel time spent in this place.
 D = Time resting spent in this place.
 E = Time spent auto-exploring this place.
 F = Levels seen in this place.
 G = Mean time per level.
                   A        B        C        D        E       F      G
               +--------+--------+--------+--------+--------+-----+--------+
         Total |   4571 |   4492 |     79 |    286 |   3350 |   6 |  761.8 |
       Dungeon |   4189 |   4110 |     79 |    286 |   3139 |   5 |  837.8 |
       Ossuary |    381 |    381 |      0 |      0 |    211 |   1 |  381.0 |
               +--------+--------+--------+--------+--------+-----+--------+

Top non-repeatable levels by time:
     D:1: 1199 daAuts
     D:4: 972 daAuts
     D:2: 927 daAuts
     D:3: 888 daAuts
 Ossuary: 381 daAuts
     D:5: 202 daAuts
